 Dungeon Crawl Stone Soup version 0.19.5 (webtiles) character file.

1182 IcySystem the Covert (level 8, 0/36 HPs)
             Began as a Spriggan Enchanter on May 24, 2017.
             Was an Initiate of Ashenzari.
             Slain by a wight
             ... wielding a cursed +4 trident
              (7 damage)
             ... on level 6 of the Dungeon.
             The game lasted 00:27:31 (7932 turns).

IcySystem the Covert (Spriggan Enchanter)           Turns: 7932, Time: 00:27:32

Health: 0/36       AC:  5    Str:  7    XL:     8   Next: 19%
Magic:  7/13       EV: 17    Int: 17    God:    Ashenzari [......]
Gold:   303        SH:  5    Dex: 18    Spells: 3 memorised, 5 levels left

rFire  + . .     SeeInvis +     o - +2 dagger (vamp)
rCold  x . .     Gourm    .     C - +2 robe of the Suburbs {rF+ rC- rN+ Str+3}
rNeg   + . .     Faith    .     v - +0 buckler
rPois  .         Spirit   .     (helmet restricted)
rElec  .         Reflect  .     i - +0 cloak
rCorr  .         Harm     .     (gloves unavailable)
MR     +....                    (boots unavailable)
Stlth  +++++.....               (no amulet)
                                (no ring)
                                j - ring of wizardry

@: drained, very quick
A: unfitting armour, see invisible, herbivore 3, speed 3, slow metabolism 2
a: Curse Item, Renounce Religion


You were on level 6 of the Dungeon.
You worshipped Ashenzari.
Ashenzari was noncommittal.
You were hungry.

You visited 2 branches of the dungeon, and saw 7 of its levels.

You collected 303 gold pieces.

Inventory:

Hand Weapons
 a - a +1 dagger
 o - a +2 vampiric dagger (weapon)
 I - a +0 shortbow
 K - a +1 dagger of draining
Missiles
 k - a throwing net (quivered)
 m - 73 arrows
 p - 42 poisoned needles
Armour
 b - a +1 robe
 i - a +0 cloak (worn)
 v - a +0 buckler (worn)
 C - the +2 robe of the Suburbs (worn) {rF+ rC- rN+ Str+3}
   (You found it on level 4 of the Dungeon)

   It affects your strength (+3).
   It protects you from fire.
   It makes you vulnerable to cold.
   It protects you from negative energy.
 L - a +0 robe
Jewellery
 j - a ring of wizardry (left hand)
Wands
 D - a wand of lightning (13/15)
 G - a wand of flame (28/48)
Scrolls
 f - 7 scrolls of identify {unknown}
 t - a scroll of teleportation {unknown}
 x - 4 scrolls of recharging
 y - 2 scrolls of enchant armour {unknown}
 E - a scroll of fog {unknown}
 F - a scroll of blinking {unknown}
 H - a scroll of enchant weapon {unknown}
Potions
 e - a potion of heal wounds {unknown}
 g - 3 potions of cancellation {unknown}
 h - 2 potions of might {unknown}
 l - a potion of flight {unknown}
 q - 2 potions of magic {unknown}
 r - 3 potions of curing {unknown}
 s - 2 potions of brilliance {unknown}
 u - a potion of resistance {unknown}
 w - a potion of berserk rage {unknown}
 z - a potion of ambrosia {unknown}
 A - 3 potions of degeneration {unknown}
 B - 2 potions of mutation {unknown}
 J - a potion of haste {unknown}
Books
 c - a book of Maledictions

   Spells                             Type                      Level
   a - Corona                         Hexes                        1
   b - Ensorcelled Hibernation        Hexes/Ice                    2
   c - Confuse                        Hexes                        3
   d - Tukima's Dance                 Hexes                        3
   e - Dazzling Spray                 Conjuration/Hexes            3
Comestibles
 d - 3 bread rations
 n - 3 fruits


   Skills:
 + Level 7.6(6.9) Short Blades
 - Level 3.0(2.4) Dodging
 + Level 11.4(10.6) Stealth
 - Level 2.6(2.1) Spellcasting
 - Level 3.6(3.0) Hexes


You had 5 spell levels left.
You knew the following spells:

 Your Spells              Type           Power        Failure   Level  Hunger
a - Corona                Hex            ##.....      4%          1    #......
b - Dazzling Spray        Conj/Hex       #.....       26%         3    ###....
c - Confuse               Hex            ##......     12%         3    ###....


Dungeon Overview and Level Annotations

Branches:
Dungeon (6/15)             Temple (1/1) D:6

Altars:
Ashenzari
Cheibriados
Dithmenos
Elyvilon
Fedhas
Gozag
Hepliaklqana
Kikubaaqudgha
Makhleb
Nemelex Xobeh
Okawaru
Qazlal
Ru
Sif Muna
Trog
Uskayaw
Xom
Yredelemnul
Zin
The Shining One


Innate Abilities, Weirdness & Mutations

You are very small and have problems with some larger weapons.
You are too small for most types of armour.
You have supernaturally acute eyesight. (SInv)
You are a herbivore.
You cover ground extremely quickly.
You need consume almost no food.


Message History

You barely miss the wight.
The wight is severely damaged.
You hit the wight.
The wight is almost destroyed.
The wight hits you with an enchanted trident!
You partially resist.
You feel drained.
You hit the wight but do no damage.
The wight is almost destroyed.
The wight hits you with an enchanted trident.
* * * LOW HITPOINT WARNING * * *
You partially resist.
You feel drained.
Casting: Confuse
Confirm with . or Enter, or press ? or * to list all spells.
Aiming: Dazzling Spray
Press: ? - help, Shift-Dir - straight line, f - wight
Aim: a wight, wielding an enchanted trident and wearing a robe (almost destroyed)
The spray of energy hits the wight.
The wight is almost destroyed.
The wight hits you from afar with an enchanted trident!
You die...

.##.............##.# #......
.#...........##....##### #######
##.#......#............## ###
##.#.........##.##......# #..
.#.####...#..##.##......# #.#
.....##...#..##.##.#....# #.#
...#.##......##.##z#....# #.#
#.......................# #.#
##....#.........@.......# #.#
##....#.................# #.#####
.........#...#...#.##..####......
###.#.#..#.............###.#####.
#^#.#..#..##..##.##......# #.
###.#.#.........##.##...##.# #.
......#..#..#...#####......# #.
###.###..#..#...#..........# #.
#.##..................##.# #.


You could see a wight.

Vanquished Creatures
  The ghost of siprus the Abyss-Baptised, a novice DsAK of Lugonu (D:6)
  An ice beast (D:5)
  An ogre (D:4)
  2 centaurs
  2 wights
  A centaur skeleton (D:5)
  A jelly (D:5)
  An orc priest (D:3)
  4 iguanas
  A worker ant (D:5)
  A worker ant zombie (D:5)
  A gnoll (D:1)
  7 adders
  2 worms
  3 dart slugs
  3 leopard geckos
  9 orcs
  2 ball pythons
  13 bats
  2 giant cockroaches (D:2)
  8 goblins
  8 hobgoblins
  2 jackals (D:5)
  3 kobolds (D:1)
  2 quokkas
  A ball python skeleton (D:4)
  8 frilled lizards
  2 leopard gecko skeletons
  A quokka skeleton (D:5)
  7 rats
100 creatures vanquished.

Notes
Turn   | Place    | Note
-------+----------+-------------------------------------------
     0 | D:1      | IcySystem the Spriggan Enchanter began the quest for the Orb.
     0 | D:1      | Reached XP level 1. HP: 9/9 MP: 5/5
   506 | D:1      | Reached XP level 2. HP: 11/13 MP: 6/6
   530 | D:1      | Reached skill level 5 in Stealth
  1117 | D:1      | Reached XP level 3. HP: 16/16 MP: 8/8
  1220 | D:2      | Found a faded altar of an unknown god.
  1517 | D:2      | Reached skill level 6 in Stealth
  2348 | D:3      | Reached XP level 4. HP: 18/21 MP: 9/9
  2592 | D:3      | Found a glowing silver altar of Zin.
  3973 | D:3      | Reached skill level 7 in Stealth
  4250 | D:3      | Reached XP level 5. HP: 24/24 MP: 10/10
  4365 | D:3      | Learned a level 3 spell: Dazzling Spray
  4369 | D:3      | Learned a level 3 spell: Confuse
  4937 | D:4      | Got a transparent robe
  4948 | D:4      | Identified the +2 robe of the Suburbs {rF+ rC- rN+ Str+3} (You found it on level 4 of the Dungeon)
  4964 | D:4      | Found a sacrificial altar of Ru.
  4982 | D:4      | Found a sparkling altar of Nemelex Xobeh.
  5031 | D:4      | Noticed an ogre
  5267 | D:4      | Killed an ogre
  5267 | D:4      | Reached skill level 8 in Stealth
  5267 | D:4      | Reached XP level 6. HP: 28/28 MP: 7/11
  5887 | D:5      | Entered Level 5 of the Dungeon
  6011 | D:5      | Found a blossoming altar of Fedhas.
  6177 | D:5      | Reached skill level 5 in Short Blades
  6202 | D:5      | Noticed an ice beast
  6587 | D:5      | Reached skill level 9 in Stealth
  6640 | D:5      | Noticed an ice beast
  6708 | D:5      | Killed an ice beast
  6708 | D:5      | Reached XP level 7. HP: 32/32 MP: 5/12
  7188 | D:6      | Found a staircase to the Ecumenical Temple.
  7191 | D:6      | Reached skill level 10 in Stealth
  7200 | Temple   | Entered the Ecumenical Temple
  7408 | Temple   | Became a worshipper of Ashenzari the Shackled
  7441 | D:6      | Noticed siprus's ghost (novice DsAK)
  7838 | D:6      | Killed siprus's ghost
  7838 | D:6      | Reached skill level 11 in Stealth
  7838 | D:6      | Reached XP level 8. HP: 33/36 MP: 1/13
  7932 | D:6      | Slain by a wight

Skill      XL: |  1  2  3  4  5  6  7 |
---------------+----------------------+-----
Stealth        | 5 6 7 8 9 11 | 11.4
Short Blades   | 2 3 4 5 7 |  7.6
Dodging        | |  3.0
Spellcasting   | |  2.6
Hexes          | |  3.6

Action                   |  1- 3 |  4- 6 |  7- 9 || total
-------------------------+-------+-------+-------++-------
Melee: Dagger            |   183 |   347 |    63 ||   593
Throw: Throwing net      |     1 |       |       ||     1
 Cast: Corona            |     1 |     1 |       ||     2
       Dazzling Spray    |       |     1 |     4 ||     5
       Confuse           |       |     3 |     6 ||     9
  Use: Scroll            |       |     3 |       ||     3
 Stab: Sleeping          |     6 |    11 |     5 ||    22
       Held in net/web   |     1 |       |       ||     1
       Distracted        |       |     1 |       ||     1
       Invisible         |       |     1 |       ||     1
       Confused          |       |     2 |     4 ||     6
  Eat: Bread ration      |       |     1 |       ||     1
       Fruit             |       |     3 |     2 ||     5
Armor: Robe              |    23 |    31 |     3 ||    57
Dodge: Dodged            |   118 |   213 |    24 ||   355
Block: Buckler           |     6 |    67 |     8 ||    81
